 Dungeon Crawl Stone Soup version 0.17-a0-1738-g82cdc46 (webtiles) character file.

109 JEM123 the Chopper (level 4, -7/37 HPs)
             Began as a Hill Orc Gladiator on Aug 31, 2015.
             Was an Initiate of Okawaru.
             Mangled by an orc wizard
             ... wielding a +0 dagger of electrocution
              (17 damage)
             ... on level 3 of the Dungeon.
             The game lasted 00:09:03 (2550 turns).

JEM123 the Chopper (Hill Orc Gladiator)             Turns: 2550, Time: 00:09:03

Health: -7/37      AC:  7    Str: 17    XL:     4   Next: 89%
Magic:  4/4        EV: 12    Int:  8    God:    Okawaru [......]
Gold:   97         SH:  0    Dex: 12    Spells: 0 memorised, 3 levels left

rFire  . . .     SeeInvis .     a - +0 war axe
rCold  . . .     Clarity  .     n - +0 ring mail
rNeg   . . .     SustAt   .     (no shield)
rPois  .         Gourm    .     c - +0 helmet
rElec  .         Spirit   .     (no cloak)
rCorr  .         Warding  .     j - +0 pair of gloves
rMut   .         Stasis   .     (no boots)
MR     .....                    (no amulet)
Stlth  +.........               (no ring)
                                q - +1 ring of evasion

@: not resistant to hostile enchantments, very unstealthy
A: no striking features
a: Renounce Religion


You were on level 3 of the Dungeon.
You worshipped Okawaru.
Okawaru was noncommittal.
You were not hungry.

You visited 1 branch of the dungeon, and saw 4 of its levels.

You collected 97 gold pieces.

Inventory:

Hand weapons
 a - a +0 war axe (weapon)
Missiles
 d - 3 throwing nets (quivered)
 f - 6 javelins
Armour
 c - a +0 helmet (worn)
 j - a +0 pair of gloves (worn)
 n - a +0 ring mail (worn)
Jewellery
 q - a +1 ring of evasion (left hand)
Magical devices
 s - a wand of frost (10)
Scrolls
 g - 5 scrolls of identify {unknown}
 h - 3 scrolls of teleportation {unknown}
 i - a scroll of fear {unknown}
 k - 2 scrolls of enchant armour {unknown}
 o - a scroll of recharging {unknown}
 p - 2 scrolls of enchant weapon {unknown}
 t - 2 scrolls of remove curse {unknown}
Potions
 r - 2 potions of curing
 v - a potion of magic {unknown}
Miscellaneous
 u - a plain deck of wonders
Comestibles
 b - a meat ration
 e - 2 bread rations
 l - 2 fruits
 m - a beef jerky
 w - 2 chunks of flesh


   Skills:
 - Level 2.4 Fighting
 + Level 7.2 Axes
 - Level 2.0 Throwing
 - Level 2.4 Dodging


You had 3 spell levels left.
You didn't know any spells.

Dungeon Overview and Level Annotations

Branches:
Dungeon (4/15)
 Temple: D:4-7

Altars:
Dithmenos
Kikubaaqudgha
Okawaru
Ru


Message History

The magic dart hits you!
You closely miss the orc wizard.
The orc wizard hits you with a dagger of electrocution.
You are electrocuted!
* * * LOW HITPOINT WARNING * * *
Use which ability? (? or * to list)
Okay, then.
Unknown command.
The orc wizard hits you but does no damage.
The orc priest looks braver for a moment.
You climb upwards.
There is a stone staircase leading down here.
You are too injured to fight recklessly!
You barely miss the orc wizard.
The orc wizard hits you but does no damage.
You closely miss the orc wizard.
The orc wizard hits you with a dagger of electrocution.
* * * LOW HITPOINT WARNING * * *
You are electrocuted!
You die...

####### #...<.#
#.....# #.....#
#.....# #. #.....#
#. ###...### ##.
#.o@....#
###..###.......#
......##.......# # #
#...........# #
#.##..##....##.# # #
#........#..# ... ##
#. ####..####..# ##
.####.#####........#
#
........)...#####.##


You could see an orc wizard.

Vanquished Creatures
  2 adders (D:2)
  2 oozes
  A worm (D:2)
  A giant gecko (D:1)
  7 orcs
  9 bats
  2 giant cockroaches
  11 hobgoblins
  4 jackals (D:2)
  6 kobolds
  A quokka (D:2)
  2 giant newts (D:1)
  11 goblins
  5 rats
  A plant (D:1)
65 creatures vanquished.

Vanquished Creatures (others)
  4 toadstools (D:1)
4 creatures vanquished.

Grand Total: 69 creatures vanquished

Notes
Turn   | Place    | Note
--------------------------------------------------------------
     0 | D:1      | JEM123 the Hill Orc Gladiator began the quest for the Orb.
     0 | D:1      | Reached XP level 1. HP: 18/18 MP: 1/1
   178 | D:1      | Reached XP level 2. HP: 16/25 MP: 2/2
   394 | D:1      | Reached skill level 5 in Axes
   833 | D:2      | Reached XP level 3. HP: 28/30 MP: 3/3
  1274 | D:2      | Found an iron altar of Okawaru.
  1292 | D:2      | Became a worshipper of Warmaster Okawaru
  1336 | D:2      | Found a shadowy altar of Dithmenos.
  1367 | D:2      | Reached skill level 6 in Axes
  1512 | D:2      | Reached XP level 4. HP: 32/37 MP: 4/4
  2349 | D:3      | Found an ancient bone altar of Kikubaaqudgha.
  2351 | D:3      | Found a sacrificial altar of Ru.
  2432 | D:3      | Reached skill level 7 in Axes
  2550 | D:3      | Mangled by an orc wizard

Vault maps used:
D:1:      ldierk_water_garden, nrook_loot_triangle, corexii_leaking_fountain
D:2:      nicolae_dithmenos_through_a_glass_darkly, okawaru_trees_2,
          minmay_misc_feat_ornament, amalloy_card_club
D:3:      nicolae_overflow_hidden_temple
D:4:      nicolae_overflow_crystal_walls, first_bread, uniq_pikel,
          uniq_crazy_yiuf_cottage

Action                   |  1- 3 |  4- 6 || total
-------------------------+-------+-------++-------
Melee: War axe           |   151 |   101 ||   252
  Use: Potion            |     2 |       ||     2
 Stab: Sleeping          |     1 |       ||     1
  Eat: Chunk             |     2 |     4 ||     6
